 Dungeon Crawl Stone Soup version 0.30.0-11-gf55b779eaf (webtiles) character file.

Game seed: 11622899703038976545

11226 JanusIIV the Basher (level 11, 0/103 HPs)
             Began as a Gargoyle Berserker on May 16, 2023.
             Was a High Priest of Trog.
             Slain by a phantasmal warrior (5 damage)
             ... led by a death knight
             ... on level 11 of the Dungeon.
             The game lasted 00:21:51 (9512 turns).

JanusIIV the Basher (Gargoyle Berserker)            Turns: 9512, Time: 00:21:52

Health: 0/103      AC: 23    Str: 32    XL:     11   Next: 74%
Magic:  0/11       EV: 11    Int:  7    God:    Trog [*****.]
Gold:   523        SH:  0    Dex:  9    Spells: 10/10 levels left

rFire   + . .        K - +2 flail (elec)
rCold   . . .        (no shield)
rNeg    + . .        D - +0 chain mail {rF+}
rPois   ∞            I - +0 helmet
rElec   +            (no cloak)
rCorr   +            m - +2 pair of gloves
SInv    .            (no boots)
Will    .....        f - amulet of guardian spirit Stlth
                     o - +6 ring of strength
HPRegen 0.37/turn    y - ring of resist corrosion
MPRegen 0.12/turn

%: guardian spirit
@: berserking, weak-willed, very quick
A: sickness immunity, AC +8, negative energy resistance 1, electricity
resistance, torment resistance 1, petrification resistance
a: Renounce Religion, Berserk, Trog's Hand, Brothers in Arms


You were on level 11 of the Dungeon.
You worshipped Trog.
Trog was extremely pleased with you.
You visited 1 branch of the dungeon, and saw 11 of its levels.
You also visited: Sewer.

You collected 523 gold pieces.

Inventory:

Hand Weapons
 K - a +2 flail of electrocution (weapon)
Armour
 m - a +2 pair of gloves (worn)
 D - a +0 chain mail of fire resistance (worn)
 I - a +0 helmet (worn)
Jewellery
 f - an amulet of guardian spirit (around neck)
 o - a +6 ring of strength (left hand)
 y - a ring of resist corrosion (right hand)
 J - a +5 ring of evasion
 L - a ring of fire
Wands
 r - a wand of flame (31)
 u - a wand of paralysis (15)
 x - a wand of iceblast (12)
Scrolls
 a - a scroll of magic mapping
 i - 3 scrolls of blinking
 k - a scroll of noise {unknown}
 l - a scroll of poison {unknown}
 n - a scroll of fog
 s - 9 scrolls of teleportation
 w - a scroll of enchant weapon
 C - 2 scrolls of brand weapon
 F - a scroll of fear
 G - a scroll of immolation
 N - a scroll of vulnerability {unknown}
Potions
 b - a potion of attraction
 c - a potion of magic
 d - 3 potions of mutation
 e - 4 potions of might
 g - 4 potions of resistance
 h - 4 potions of degeneration
 j - a potion of ambrosia
 p - 11 potions of curing
 t - 3 potions of invisibility
 z - 2 potions of flight
 A - a potion of heal wounds
 B - a potion of berserk rage
 E - a potion of haste {unknown}
 H - 2 potions of lignification {unknown}
 M - a potion of brilliance {unknown}


   Skills:
 + Level 8.3 Fighting
 - Level 14.0 Maces & Flails
 - Level 8.0 Armour
 - Level 6.0 Dodging
 + Level 1.2 Evocations


You had 10 spell levels left.
You didn't know any spells.
Your spell library was empty.

Dungeon Overview and Level Annotations

Branches:
Dungeon (11/15)            Temple (0/1) D:7            Lair (0/5) D:9
    Orc (0/2) D:9           Sewer (visited)

Altars:
Cheibriados
Gozag
Hepliaklqana
Nemelex Xobeh
Vehumet
Yredelemnul

Shops:
D:2 (   D:3 !*![   D:5 [

Annotations:
D:10 Gastronok


Innate Abilities, Weirdness & Mutations

You are immune to sickness and miasma.
Your stone body is resilient. (AC +8)
You are immune to poison.
You resist negative energy. (rN+)
You are resistant to electric shocks. (rElec)
You are resistant to unholy torment.
You are immune to petrification.


Message History

The phantasmal warrior gestures at you.
The phantasmal warrior blinks!
The phantasmal warrior gestures at you.
The phantasmal warrior blinks!
You barely miss the wraith. You closely miss the wraith. The wraith hits you!
The wraith drains your vigour!
You feel yourself slow down.
You sock the wraith!
The wraith is heavily damaged.
You barely miss the phantasmal warrior.
You hit the phantasmal warrior but do no damage.
The phantasmal warrior hits you.
You hit the phantasmal warrior.
Lightning courses through the phantasmal warrior!!
The phantasmal warrior is heavily damaged.
The phantasmal warrior hits you!!
An orc comes into view. It is wielding a +0 short sword.
The orc shouts!
You hit the phantasmal warrior but do no damage.
The phantasmal warrior is heavily damaged.
The phantasmal warrior hits you.
Your willpower is stripped away!
You barely miss the phantasmal warrior.
The phantasmal warrior is heavily damaged.
The phantasmal warrior barely misses you.
An orc priest comes into view. It is wielding a +0 dagger.
The orc priest shouts!
You hit the phantasmal warrior but do no damage.
The phantasmal warrior is heavily damaged.
You feel yourself speed up. The phantasmal warrior hits you!!
* * * LOW HITPOINT WARNING * * *
A red film seems to cover your vision as you go berserk!
You feel yourself moving faster!
You feel mighty!
The orc priest casts a cantrip, but nothing happens.
The phantasmal warrior hits you!!
* * * LOW HITPOINT WARNING * * *
You closely miss the phantasmal warrior.
The phantasmal warrior is heavily damaged.
The phantasmal warrior hits you.
You die...

########## ### #.....$..# #.#
#........## #.#
#####W........#.
..#############.@WW............
#.'.............###o..o....##..
.>############### #........#
### #####.#### ..# .## . ##


You could see a phantasmal warrior, a freezing wraith, a wraith, an orc priest
and an orc.

Vanquished Creatures
  Erica (D:10)
  A two-headed ogre (D:10)
  A troll (D:10)
  A wyvern (D:10)
  27 yaks
  3 steam dragons
  An acid dragon (D:9)
  3 water moccasins
  9 orc warriors
  2 ice beasts
  A black bear (D:5)
  3 ogres
  5 centaurs
  3 wolves (D:10)
  3 phantoms
  5 kobold brigands
  3 bullfrogs
  A gnoll sergeant (D:6)
  6 scorpions
  5 wights (D:9)
  9 killer bees (D:9)
  2 electric eels (D:7)
  4 howler monkeys
  A jelly (D:8)
  5 orc priests
  4 hounds
  4 iguanas
  An iron imp (D:10)
  A sleepcap (D:6)
  Ijyb (D:4)
  4 orc wizards
  10 adders
  3 gnolls (D:6)
  3 river rats (Sewer)
  2 shadow imps
  2 worms
  4 dart slugs
  31 orcs
  9 endoplasms
  A giant cockroach (D:3)
  8 goblins
  4 hobgoblins
  3 jackals (Sewer)
  28 kobolds
  5 quokkas
  11 ball pythons
  8 bats
  6 frilled lizards
  14 rats
272 creatures vanquished.

Vanquished Creatures (others)
  An orc priest (D:8)
  An orc (D:8)
2 creatures vanquished.

Grand Total: 274 creatures vanquished

Notes
Turn   | Place    | Note
-------+----------+-------------------------------------------
     0 | D:1      | JanusIIV the Gargoyle Berserker began the quest for the
                  | Orb.
     0 | D:1      | Reached XP level 1. HP: 14/14 MP: 1/1
    90 | D:1      | Found a faded altar of an unknown god.
   254 | D:1      | Reached XP level 2. HP: 19/19 MP: 2/2
   746 | D:2      | Found Bexzik's Weapon Shoppe.
   812 | D:2      | Reached XP level 3. HP: 20/24 MP: 3/3
   881 | D:2      | Found a sparkling altar of Nemelex Xobeh.
   923 | D:2      | Reached ** piety under Trog
   954 | D:2      | Reached skill level 4 in Maces & Flails
  1257 | D:3      | Found Teeshrizi's Armour Shop.
  1316 | D:3      | Reached XP level 4. HP: 29/29 MP: 4/4
  1347 | D:3      | Found Rostuj's Distillery.
  1373 | D:3      | Found Eddieh's Distillery.
  1383 | D:3      | Noticed a scorpion
  1404 | D:3      | Killed a scorpion
  1405 | D:3      | Reached XP level 5. HP: 23/34 MP: 5/5
  1450 | D:3      | Found Usoiv's Assorted Antiques.
  1496 | D:3      | Reached skill level 5 in Maces & Flails
  1781 | D:3      | Found a radiant altar of Vehumet.
  1849 | D:4      | Noticed Ijyb
  1873 | D:4      | Killed Ijyb
  1980 | D:4      | Identified the +0 robe of Oily Creativity {rPois rF- Str+6
                  | Dex+2}
  2289 | D:4      | Reached XP level 6. HP: 31/40 MP: 6/6
  2388 | D:4      | Found a glowing drain.
  2412 | Sewer    | Entered a sewer
  2418 | Sewer    | Reached skill level 5 in Fighting
  2492 | Sewer    | Reached *** piety under Trog
  3449 | D:5      | Entered Level 5 of the Dungeon
  3458 | D:5      | Noticed an ice beast
  3469 | D:5      | Killed an ice beast
  3470 | D:5      | Reached skill level 6 in Maces & Flails
  3544 | D:5      | Reached XP level 7. HP: 33/44 MP: 7/7
  3786 | D:5      | Reached skill level 7 in Maces & Flails
  3843 | D:5      | Found Joisoas's Antique Armour Shoppe.
  4074 | D:5      | Reached skill level 8 in Maces & Flails
  4074 | D:5      | Reached XP level 8. HP: 50/51 MP: 8/8
  4275 | D:6      | Reached skill level 9 in Maces & Flails
  4493 | D:6      | Reached skill level 10 in Maces & Flails
  4558 | D:6      | Reached XP level 9. HP: 40/55 MP: 9/9
  4655 | D:6      | Reached **** piety under Trog
  4763 | D:6      | Identified the +1 robe "Tokkeb" {Int+2}
  4991 | D:6      | Reached skill level 11 in Maces & Flails
  5326 | D:7      | Found a staircase to the Ecumenical Temple.
  5516 | D:7      | Reached skill level 12 in Maces & Flails
  5777 | D:8      | Reached skill level 5 in Armour
  5801 | D:8      | Reached XP level 10. HP: 26/60 MP: 4/10
  6459 | D:8      | Found a basalt altar of Yredelemnul.
  6797 | D:9      | Found a staircase to the Lair.
  6947 | D:9      | Noticed a two-headed ogre
  7116 | D:9      | Reached skill level 5 in Dodging
  7371 | D:9      | Found a staircase to the Orcish Mines.
  7425 | D:9      | Found an opulent altar of Gozag.
  7451 | D:9      | Reached ***** piety under Trog
  7484 | D:9      | Found a hazy altar of Hepliaklqana.
  7810 | D:9      | Reached XP level 11. HP: 64/64 MP: 11/11
  7995 | D:10     | Entered Level 10 of the Dungeon
  8071 | D:10     | Reached skill level 13 in Maces & Flails
  8301 | D:10     | Noticed a two-headed ogre
  8311 | D:10     | Killed a two-headed ogre
  8361 | D:10     | Received a gift from Trog
  8581 | D:10     | Noticed Grum
  8582 | D:10     | Grum changed into Grum the scorpion
  8582 | D:10     | Noticed Grum
  8589 | D:10     | Killed Grum the scorpion
  8613 | D:10     | Noticed Gastronok
  8758 | D:10     | Reached skill level 14 in Maces & Flails
  8974 | D:10     | Reached skill level 1 in Evocations
  9216 | D:10     | Noticed Erica
  9227 | D:10     | Killed Erica
  9257 | D:10     | Found a snail-covered altar of Cheibriados.
  9492 | D:11     | Noticed a phantasmal warrior
  9511 | D:11     | HP: 5/103 [phantasmal warrior[a death knight] (21)]
  9512 | D:11     | Slain by a phantasmal warrior

Illustrated notes

Levels and vault maps discovered:
D:1:      dpeg_arrival_renting, layout_rooms, basic_ecumenical_altar,
          chequers_serial_rivers_large_a, kennysheep_boxes
D:2:      layout_basic, basic_altar, serial_shops, shop, minmay_tetromino_t4
D:3:      layout_rooms, vehumet_altar_wand_db, serial_shops, shop,
          nicolae_shop_peninsula, nicolae_shop_overgrown_old_shop, shop,
          minmay_diced_spiral
D:4:      minmay_spotlight, layout_cave_pods, cheibrodos_sewer_entry_sluice,
          uniq_ijyb
D:5:      layout_basic, serial_shops, shop, st_stairs_12
D:6:      minmay_octagon_keep, layout_basic, minmay_misc_feat_columns
D:7:      layout_cave_pools, minmay_temple_entry_purple_smoke,
          serial_bayou_ford_a
D:8:      layout_rooms, mainiacjoe_overflow_24_doors, lemuel_flamethrower_2
D:9:      layout_irregular_city, mainiacjoe_overflow_chevrons,
          nicolae_gozag_cash_rules_everything_around_me, lair_entry_dummy,
          david_orc_3, evilmike_butchery
D:10:     layout_roguey, chei_slow_surprise, special_room [special_room_orc],
          chequers_decorated_corner, uniq_grum, uniq_erica, uniq_gastronok
D:11:     layout_roguey, small_chamber_with_monster, minivault_26

Skill      XL: |  1  2  3  4  5  6  7  8  9 10 11 |
---------------+----------------------------------+-----
Fighting       | 4 5 6 8 |  8.3
Maces & Flails | 4 5 6 8 10 12 14 | 14.0
Armour         | 6 8 |  8.0
Dodging        | 2 6 |  6.0
Evocations     | 1 |  1.2

Action                     |  1- 3 |  4- 6 |  7- 9 | 10-12 || total
---------------------------+-------+-------+-------+-------++-------
  Melee: Mace              |   134 |   242 |     7 |       ||   383
         Unarmed           |       |     4 |       |       ||     4
         Punch             |       |     4 |     6 |     5 ||    15
         Flail             |       |       |   277 |   551 ||   828
 Invoke: Berserk           |       |     1 |     2 |     4 ||     7
  Evoke: Wand              |       |       |     4 |     3 ||     7
    Use: Scroll            |       |       |       |    19 ||    19
         Potion            |       |       |       |     1 ||     1
 Armour: Animal skin       |    13 |       |       |       ||    13
         Chain mail        |    84 |   153 |   138 |   303 ||   678
         Skin              |       |     1 |       |       ||     1
  Dodge: Dodged            |    74 |    98 |   121 |   263 ||   556
